 Dungeon Crawl Stone Soup version 0.32-a0-859-gb0a091d592 (webtiles) character file.

Game seed: 3315706711031270716

45 zenocrate the Digger (level 3, -3/23 HPs)
             Began as an Octopode Earth Elementalist on Mar 27, 2024.
             Slain by Terence
             ... wielding a +2 heavy flail
              (15 damage)
             ... on level 2 of the Dungeon.
             The game lasted 00:01:15 (1308 turns).

zenocrate the Digger (Octopode Earth Elementalist)  Turns: 1308, Time: 00:01:16

Health: -3/23      AC:  1    Str:  9    XL:     3   Next: 64%
Magic:  6/6        EV: 12    Int: 17    God:
Gold:   38         SH:  0    Dex: 12    Spells: 5/6 levels left

rFire   . . .        (no weapon)
rCold   . . .        (no shield)
rNeg    . . .        (helmet restricted)
rPois   .            (no amulet)
rElec   .            (no ring)
rCorr   .            (no ring)
SInv    .            (no ring)
Will    .....        (no ring)
Stlth   +++          (no ring)
HPRegen 0.23/turn    (no ring)
MPRegen 0.10/turn    (no ring)
                     (no ring)

%: no passive effects
@: no status effects
A: almost no armour, amphibious, 8 rings, camouflage 1, gelatinous body 1,
(nimble swimmer 1), tentacles
a: no special abilities


You were on level 2 of the Dungeon.
You visited 1 branch of the dungeon, and saw 2 of its levels.

You collected 38 gold pieces.

Inventory:

Potions
 a - a potion of magic
 b - 2 potions of might {unknown}
 c - a potion of attraction {unknown}
 d - 2 potions of heal wounds {unknown}
 e - a potion of invisibility {unknown}


   Skills:
 + Level 1.0 Fighting
 + Level 2.3 Dodging
 + Level 3.2 Stealth
 + Level 0.9 Unarmed Combat
 + Level 2.2 Spellcasting
 + Level 1.3 Conjurations
 + Level 3.2 Earth Magic


You had 5 spell levels left.
You knew the following spells:

 Your Spells              Type           Power      Damage    Failure   Level
a - Sandblast             Erth           24%        2d8       4%          1

Your spell library contained the following spells:

 Spells                   Type           Power      Damage    Failure   Level
 Passwall                 Erth           12%        N/A       16%         3
 Stone Arrow              Conj/Erth      18%        3d8       22%         3
 Brom's Barrelling Bould  Conj/Erth      9%         2d3       58%         4
 Petrify                  Alch/Erth      7%         N/A       67%         4


Dungeon Overview and Level Annotations

Branches:
Dungeon (2/15)

Altars:

Annotations:
D:2 Terence


Innate Abilities, Weirdness & Mutations

You cannot wear most types of armour.
You are amphibious.
You can wear up to eight rings at the same time.
Your skin changes colour to match your surroundings (Stealth+).
Your rubbery body absorbs attacks. (AC +1, EV +1)
((You are camouflaged when in or above water. (Stealth+)))
You have tentacles for arms and can constrict up to eight enemies at once.


Message History

A kobold comes into view. It is wielding a +0 club.
Unknown command.
Unknown command.
You closely miss the ball python.
The kobold shouts!
Your grab misses the ball python. The ball python closely misses you. x2
Unknown command.
You tentacle-slap the ball python. You grab the ball python.
The ball python is severely wounded.
You constrict the ball python.
You kill the ball python!
Terence misses you. The endoplasm freezes you.
You are frozen.
The endoplasm attacks as it pursues you!
The endoplasm barely misses you. Terence attacks as he pursues you!
Terence barely misses you.
Unknown command.
The endoplasm freezes you.
You are frozen.
Unknown command.
Unknown command.
You tentacle-slap the endoplasm. You squeeze the endoplasm.
You kill the endoplasm!
Unknown command.
Okay, then.
You tentacle-slap the hobgoblin but do no damage.
You grab the hobgoblin. You constrict the hobgoblin.
The hobgoblin closely misses you.
You aren't carrying any scrolls.
Unknown command.
You tentacle-slap the hobgoblin. x2
You kill the hobgoblin!
Unknown command.
You tentacle-slap Terence but do no damage.
You grab Terence. You constrict Terence.
Terence hits you with a +2 heavy flail!
Ouch! That really hurt!
You die...
Terence says, "Time to find some more victims."

...............?......#...
......................#$..
.....##...............[...
.....#..... #...†)........
.......#..###.$...).......
...........##.............
.##..####.......K.........
.##..#####..####@##.......
###....# #..# #@# .......
###..# ##.## #..........
#..## #..###..........
#...###...##.#........
#.....##..##.#.#......
##....##.......#......
###....#....### ...
#.........# .. #.........#


You could see Terence and a kobold.

Vanquished Creatures
  An adder (D:2)
  3 dart slugs
  A bat (D:1)
  6 endoplasms
  3 giant cockroaches
  3 goblins
  5 hobgoblins
  A quokka (D:1)
  2 ball pythons
  A frilled lizard (D:1)
  A kobold (D:2)
27 creatures vanquished.

Notes
Turn   | Place    | Note
-------+----------+-------------------------------------------
     0 | D:1      | zenocrate the Octopode Earth Elementalist began the quest
                  | for the Orb.
     0 | D:1      | Reached XP level 1. HP: 11/11 MP: 3/3
    38 | D:1      | Found a faded altar of an unknown god.
   287 | D:1      | Reached XP level 2. HP: 12/18 MP: 5/5
  1145 | D:2      | Reached XP level 3. HP: 16/22 MP: 6/6
  1155 | D:2      | Reached skill level 1 in Fighting
  1289 | D:2      | Noticed Terence
  1308 | D:2      | Slain by Terence

Illustrated notes

Levels and vault maps discovered:
D:1:      wheals_arrival_linesprint, layout_loops_corners,
          shapermc_ecumenical_altar_pompeii, nrook_uturn
D:2:      layout_rooms, uniq_terence

Skill      XL: |  1  2  3 |
---------------+----------+-----
Stealth        | 3 |  3.2
Fighting       | 1 |  1.0
Dodging        | |  2.3
Unarmed Combat | |  0.9
Spellcasting   | |  2.2
Conjurations   | |  1.3
Earth Magic    | |  3.2

Action                     || total
---------------------------++-------
  Melee: Unarmed           ||    57
         Tentacles         ||    18
         Constrict         ||    18
         Punch             ||     1
   Cast: Sandblast         ||     1
   Stab: Sleeping          ||     6
 Armour: Skin              ||    28
  Dodge: Dodged            ||    39

Table legend: (Time is in decaauts)
 A = Elapsed time spent in this place.
 B = Non-inter-level travel time spent in this place.
 C = Inter-level travel time spent in this place.
 D = Time resting spent in this place.
 E = Time spent auto-exploring this place.
 F = Levels seen in this place.
 G = Mean time per level.
                   A        B        C        D        E       F      G
               +--------+--------+--------+--------+--------+-----+--------+
         Total |   1307 |   1207 |    100 |      0 |   1005 |   2 |  653.5 |
       Dungeon |   1307 |   1207 |    100 |      0 |   1005 |   2 |  653.5 |
               +--------+--------+--------+--------+--------+-----+--------+

Top non-repeatable levels by time:
     D:1: 1141 daAuts
     D:2: 166 daAuts
